 Dungeon Crawl Stone Soup version 0.19-a0-1225-gf887c1c (webtiles) character file.

0 glosham the Skirmisher (level 1, -1/18 HPs)
             Began as a Merfolk Abyssal Knight on Aug 25, 2016.
             Was a Follower of Lugonu.
             Slain by a starspawn tentacle (3 damage)
             ... attached to a tentacled starspawn
             ... on level 2 of the Abyss.
             The game lasted 00:01:38 (105 turns).

glosham the Skirmisher (Merfolk Abyssal Knight)      Turns: 105, Time: 00:01:39

Health: -1/18      AC:  3    Str: 12    XL:     1   Next: 0%
Magic:  2/2        EV:  9    Int: 11    God:    Lugonu [*.....]
Gold:   86         SH:  0    Dex: 13    Spells: 0 memorised, 0 levels left

rFire  . . .     SeeInvis .     a - +1 spear
rCold  . . .     Gourm    .     b - +0 leather armour
rNeg   . . .     Faith    .     (no shield)
rPois  .         Spirit   .     (no helmet)
rElec  .         Dismiss  .     (no cloak)
rCorr  .         Reflect  .     (no gloves)
MR     .....     Harm     .     (no boots)
Stlth  +.........               (no amulet)
                                (no ring)
                                (no ring)

@: constricted
A: change form in water, swift swim
a: Depart the Abyss, Renounce Religion


You were on level 2 of the Abyss.
You worshipped Lugonu.
Lugonu was aware of your devotion.
You were not hungry.

You visited 0 branches of the dungeon, and saw 0 of its levels.
You visited the Abyss 1 time.

You collected 86 gold pieces.

Inventory:

Hand Weapons
 a - a +1 spear (weapon)
Armour
 b - a +0 leather armour (worn)
Comestibles
 c - a bread ration


   Skills:
 - Level 3.2 Fighting
 - Level 3.0 Polearms
 - Level 0.6 Armour
 - Level 2.6 Dodging
 + Level 0.0 Stealth
 - Level 2.0 Invocations


You couldn't memorise any spells.
You didn't know any spells.

Dungeon Overview and Level Annotations

Branches:
Dungeon (0/15)

Altars:


Message History

A starspawn tentacle comes into view.
Your attempt to break free from the starspawn tentacle fails, but you feel that another attempt might succeed.
The starspawn tentacle constricts you.
Your attempt to break free from the starspawn tentacle fails, but you feel that another attempt might succeed.
The starspawn tentacle loses its grip on you.
The tentacle pulls you backwards!
Tentacles burst from the starspawn's body! 2 starspawn tentacles come into view.
You see here 30 gold pieces.
You now have 86 gold pieces (gained 30).
The starspawn tentacle grabs you. The starspawn tentacle constricts you.
You escape the starspawn tentacle's grasp.
A tentacle flies out from the starspawn's body!
A starspawn tentacle comes into view.
The starspawn tentacle grabs you. The starspawn tentacle constricts you.
A starspawn tentacle comes into view.
Your attempt to break free from the starspawn tentacle fails, but you feel that another attempt might succeed.
The starspawn tentacle loses its grip on you.
The tentacle pulls you backwards!
The starspawn tentacle closely misses you.
The starspawn tentacle grabs you. The starspawn tentacle constricts you.
You hit the starspawn tentacle but do no damage.
The starspawn tentacle loses its grip on you.
A tentacle flies out from the starspawn's body!
The starspawn tentacle closely misses you.
Tentacles burst from the starspawn's body! 2 starspawn tentacles come into view.
The starspawn tentacle grabs you.
* * * LOW HITPOINT WARNING * * *
The starspawn tentacle constricts you.
You escape the starspawn tentacle's grasp.
The starspawn tentacle grabs you.
* * * LOW HITPOINT WARNING * * *
The starspawn tentacle constricts you.
A starspawn tentacle segment comes into view.
You escape the starspawn tentacle's grasp.
Tentacles burst from the starspawn's body!
A starspawn tentacle comes into view.
The starspawn tentacle grabs you.
You die...

.## .. #####
. . . .. #..
#. .#. .. . .
. #.
###..#.####
#.## # . #. .
##. # . # . .
! #.#..## .
.#. # #.....
....# #
###..# ...#
.# ###.#..##
. #@# #.#.
... #w#.X #
##. #X## ##
..# . ##w##.#
###..#....#
##.....#. ..
#
#.#.#.##.#.##
#.##.# ## .
#.. ### #.


You could see a tentacled starspawn and 2 starspawn tentacles.

Vanquished Creatures (others)
  9 starspawn tentacles (Abyss:2)
9 creatures vanquished.

Notes
Turn   | Place    | Note
-------+----------+-------------------------------------------
     0 | Abyss:1  | glosham the Merfolk Abyssal Knight began the quest for the Orb.
     0 | Abyss:1  | Reached XP level 1. HP: 18/18 MP: 2/2
    63 | Abyss:2  | Noticed a tentacled starspawn
    99 | Abyss:2  | HP: 1/18 [starspawn tentacle[a tentacled starspawn] (3)]
   105 | Abyss:2  | Slain by a starspawn tentacle

Vault maps used:
Abyss:1:  evilmike_abyss_exit_kraken

Action                   || total
-------------------------++-------
Melee: Spear             ||     1
Dodge: Dodged            ||     3

Table legend:
 A = Turns spent in this place as a percentage of turns spent in the entire game.
 B = Non-inter-level travel turns spent in this place as a percentage of non-inter-level travel turns spent in the entire game.
 C = Inter-level travel turns spent in this place as a percentage of turns spent in this place.
 D = Turns resting spent in this place as a percentage of non-inter-level travel turns spent in this place.
 E = Turns spent auto-exploring this place as a percentage of non-inter-level travel turns spent in this place.
 F = Non-inter-level travel turns spent in this place divided by the number of levels of this place that you've seen.
                   A       B       C       D       E      F
               +-------+-------+-------+-------+-------+----------------------
         Total | 100.0 | 100.0 |   0.0 |   0.0 |   0.0 |  53.5
         Abyss | 100.0 | 100.0 |   0.0 |   0.0 |   0.0 |  53.5
               +-------+-------+-------+-------+-------+----------------------

Vault maps used:
Abyss:1:  evilmike_abyss_exit_kraken
